[Event "Early-Titled-Tuesday-Blitz-February-27-2024"]
[Site "Chess.com"]
[Date "2024.02.27"]
[Round "3"]
[White "campochess"]
[Black "MIss_MIaMI"]
[Result "1/2-1/2"]
[WhiteElo "2182"]
[BlackElo "2410"]
[TimeControl "180+1"]
[EndTime "8:28:34 PST"]
[Termination "Game drawn by repetition"]

1. Nf3 c5 2. e4 e6 3. d3 a6 4. g3 b5 5. Bg2 Bb7 6. O-O d6 7. Nc3 Nc6 8. a4 b4 9. Ne2 g6 10.
Re1 Bg7 11. c3 Nge7 12. d4 O-O 13. Bg5 Qc7 14. Rc1 h6 15. Bxe7 Qxe7 16. d5 Ne5 17. Nxe5 Bxe5 18. Qd2 bxc3 19. bxc3 Bg7 20. dxe6 fxe6 21.
Nf4 Rf6 22. Rb1 e5 23. Rxb7 Qxb7 24. Nd5 Rf7 25. Bh3 Re8 26. c4 Kh7 27. Qd3 Ref8 28. Re2 Qc6 29. Bg2 Qxa4 30. Ne3 Qc6 31. Rd2 Rf6 32. Nd5 R6f7 33. Ne3 Rd8 34. Rb2 Rb7 35. Rd2 Bf8 36. Ng4 h5 37. Nxe5 Qe8 38. Nf3 Rb4 39.
e5 Qd7 40. e6 Qa4 41. Ng5+ Kg7 42. Qf3 Rb1+ 43. Bf1 Qe8 44. Kg2 Be7 45. Ne4 Qf8 46.
Qe3 Ra1 47. Bd3 a5 48. Nc3 a4 49. Qe4 Qf6 50. Nd5 Qf5 51. Qe2 Qf8 52. Qe4 Qf5 53. Qe2 Qf8 54. Qe4 Qf5 1/2-1/2

[Event "Early-Titled-Tuesday-Blitz-February-27-2024"]
[Site "Chess.com"]
[Date "2024.02.27"]
[Round "3"]
[White "krzyzan94"]
[Black "MMKZH22"]
[Result "1-0"]
[WhiteElo "2797"]
[BlackElo "2460"]
[TimeControl "180+1"]
[EndTime "8:28:35 PST"]
[Termination "krzyzan94 won by resignation"]

1. d4 d5 2. Bf4 Nf6 3. e3 c5 4.
Nf3 cxd4 5. exd4 Nc6 6. Bd3 Bg4 7. c3 e6 8. Nbd2 Bd6 9. Bxd6 Qxd6 10. O-O O-O 11.
Re1 Rab8 12. a4 Rfe8 13. Qb1 e5 14. dxe5 Nxe5 15. Nxe5 Rxe5 16. Rxe5 Qxe5 17. Qe1 Re8 18. Qxe5 Rxe5 19. h3 Bh5 20. a5 Bg6 21. Nf3 Re7 22.
Bxg6 hxg6 23. a6 b6 24. Nd4 Ne4 25. Re1 Kf8 26. Nc6 Rd7 27. Rd1 Nc5 28. Nb4 Rd6 29.
f3 b5 30. Ra1 d4 31. cxd4 Rxd4 32. Nc6 Rd7 33. Ra5 Rc7 34. Nb4 Ne6 35. Rxb5 Rc1+ 36. Kh2 Nf4 37. Kg3 Ne2+ 38. Kf2 Nf4 39. Rb8+ Ke7 40.
Rb7+ Kf6 41. Rxa7 Rd1 42. g3 Nxh3+ 43. Ke2 Rb1 44. Nd3 Ng5 45. Rb7 Ne6 46. a7 Ra1 47. b4 Nd4+ 48. Ke3 Nc6 49. Rb6 1-0

[Event "Early-Titled-Tuesday-Blitz-February-27-2024"]
[Site "Chess.com"]
[Date "2024.02.27"]
[Round "3"]
[White "DumbKing75"]
[Black "ArchibaldCerveza29"]
[Result "1-0"]
[WhiteElo "2647"]
[BlackElo "2456"]
[TimeControl "180+1"]
[EndTime "8:28:35 PST"]
[Termination "DumbKing75 won by resignation"]

1. d4 d5 2. Bf4 c5 3. e3 Nc6 4. c3 Nf6 5. Nd2 g6 6. Ngf3 Qb6 7. Qb3 c4 8. Qc2 Bf5 9. Qc1 Bg7 10. Be2 O-O 11.
O-O Rfe8 12. h3 h5 13. b3 cxb3 14. axb3 Rac8 15. Qa3 a6 16. Rfc1 Nd7 17. Nh4 e5 18.
Nxf5 exf4 19. Nd6 fxe3 20. fxe3 Bh6 21. Nf1 Nf6 22. Nxc8 Rxc8 23. Bf3 Re8 24. Re1 Qc7 25.
c4 Ne7 26. Rac1 Nf5 27. cxd5 Qd7 28. b4 Nxd5 29. e4 Bxc1 30. Rxc1 Nxd4 31. exd5 Qf5 32.
Qc3 Qf4 33. Rd1 Nf5 34. Qd2 Qc4 35. d6 Rd8 36. d7 Qc7 37. Ne3 Nh4 38. Be4 Qf4 39. Qd3 Qg3 40. Nf1 Qg5 41. Bxb7 Nf5 42. Qf3 Nd6 43. Rxd6 1-0

[Event "Early-Titled-Tuesday-Blitz-February-27-2024"]
[Site "Chess.com"]
[Date "2024.02.27"]
[Round "3"]
[White "kingofthenil"]
[Black "DenLaz"]
[Result "0-1"]
[WhiteElo "2737"]
[BlackElo "3034"]
[TimeControl "180+1"]
[EndTime "8:28:36 PST"]
[Termination "DenLaz won by resignation"]

1. e4 c5 2. d3 Nc6 3. g3 g6 4. Bg2 Bg7 5. f4 d6 6. Nf3 Nf6 7. O-O O-O 8. Nc3 Rb8 9. h3 b5 10. g4 b4 11. Ne2 a5 12. Rb1 a4 13. b3 Bb7 14. Qe1 e6 15. f5 exf5 16. gxf5 Nd7 17.
Bg5 Bf6 18. Qh4 Nce5 19. Bxf6 Nxf3+ 20. Rxf3 Qxf6 21. Qf4 Ne5 22. Rg3 Kh8 23. Rf1 axb3 24. axb3 gxf5 25. Rg5 Rg8 26. Rxf5 Qg7 27. Rf2 Bc8 28. Rh5 Ra8 29. Kh2 Ra2 30. Ng3 Be6 31.
Qh4 Nxd3 32. Rf6 Qxg3+ 33. Qxg3 Rxg3 34. Kxg3 Rxc2 35. Rfh6 Rxg2+ 36. Kxg2 Nf4+ 37. Kf2 Nxh5 38. Rxh5 Bxb3 39. Rg5 Bc2 40. Ke3 b3 41. Kd2 Bxe4 42. Kc3 c4 43. Rb5 d5 44. Kd4 Kg7 45. Rb6 f6 46. h4 Kg6 47. Ke3 Kf5 48. Kd4 h5 49. Kc3 Ke5 50. Rb5 f5 51. Rb8 f4 52. Re8+ Kf5 53.
Rf8+ Kg4 54. Rb8 f3 55. Kd4 f2 56. Rf8 Kg3 57. Rxf2 Kxf2 0-1

[Event "Early-Titled-Tuesday-Blitz-February-27-2024"]
[Site "Chess.com"]
[Date "2024.02.27"]
[Round "3"]
[White "KuzubovYuriy"]
[Black "hurricane7791"]
[Result "1-0"]
[WhiteElo "2958"]
[BlackElo "2721"]
[TimeControl "180+1"]
[EndTime "8:28:36 PST"]
[Termination "KuzubovYuriy won by resignation"]

1. d4 Nf6 2. Nf3 e6 3. c4 d5 4. Nc3 dxc4 5. e4 b5 6. e5 Nd5 7. Nxb5 Nb6 8. Nc3 Nc6 9. Be2 Bb7 10. Be3 Qd7 11. h4 Ne7 12. Qc2 Nf5 13. Rd1 Rd8 14. Bg5 Be7 15. Ne4 h6 16. Bc1 Qa4 17. Qb1 Qc6 18.
Nc3 Qd7 19. h5 Qc8 20. O-O Bxf3 21. Bxf3 Nxd4 22. Be4 c5 23. Bf4 Bg5 24. Qc1 Bxf4 25. Qxf4 Qc7 26. Rfe1 Qe7 27. Kf1 Qg5 28. Qxg5 hxg5 29.
g4 Ke7 30. Ne2 Rd7 31. Ng1 Rhd8 32. Nh3 f6 33. exf6+ gxf6 34. f4 gxf4 35. Nxf4 Kf7 36. Bg6+ Kg7 37. Nxe6+ Nxe6 38. Rxd7+ Rxd7 39. Rxe6 Nd5 40. Bf5 Rb7 41. Be4 Rd7 42. Bxd5 Rxd5 43. Ke2 Rd4 44. Kf3 Rd2 45. Re2 Rd4 46. Re7+ Kh6 47. Rf7 Kg5 48. Rg7+ Kh4 49. h6 Rd3+ 50. Kf4 Rd1 51. h7 Rf1+ 52. Ke3 1-0

[Event "Early-Titled-Tuesday-Blitz-February-27-2024"]
[Site "Chess.com"]
[Date "2024.02.27"]
[Round "3"]
[White "Barmen_EV"]
[Black "klimkoj"]
[Result "0-1"]
[WhiteElo "2515"]
[BlackElo "2824"]
[TimeControl "180+1"]
[EndTime "8:28:36 PST"]
[Termination "klimkoj won by resignation"]

1. e4 c6 2. d4 d5 3. e5 Bf5 4. h4 h5 5. Bg5 Qb6 6. Bd3 Bxd3 7. Qxd3 Qxb2 8. e6 Qxa1 9. Qb3 Qxd4 10. Qxb7 fxe6 11.
Nf3 Qb6 12. Qc8+ Qd8 13. Qxe6 Qd6 14. Qc8+ Qd8 15. Qe6 Qd6 16. Qc8+ Kf7 17. Qb7 Nd7 18. Qxa8 Qb8 19. Qxc6 Qxb1+ 20. Ke2 Qxa2 21. Qxd7 Qxc2+ 22. Bd2 Qe4+ 23. Kf1 Nf6 24. Qc7 Qc4+ 25. Qxc4 dxc4 26.
Ne5+ Ke6 27. Nxc4 Kd5 28. Ne3+ Kc6 29. Ke2 e5 30. Rc1+ Kd7 31. Nc4 Bd6 32. Ra1 Bb8 33. Be3 Rc8 34. Bxa7 Rxc4 35. Bxb8 Rxh4 36. Ra7+ Ke6 37.
Rxg7 Re4+ 38. Kd3 Rb4 39. Rg5 Rxb8 40. Ke2 Rb2+ 41. Ke3 Rb3+ 42. Ke2 Nd5 43. Rxh5 Nf4+ 44. Kd2 Nxh5 0-1

[Event "Early-Titled-Tuesday-Blitz-February-27-2024"]
[Site "Chess.com"]
[Date "2024.02.27"]
[Round "3"]
[White "ajian"]
[Black "malakismayil"]
[Result "1-0"]
[WhiteElo "2480"]
[BlackElo "2647"]
[TimeControl "180+1"]
[EndTime "8:28:36 PST"]
[Termination "ajian won on time"]

1. d4 d5 2. c4 e6 3. Nc3 Nf6 4.
cxd5 exd5 5. Bg5 Be7 6. e3 c6 7. Bd3 O-O 8. Qc2 h6 9. Bf4 Nbd7 10. h3 Re8 11. Nf3 Nf8 12. O-O Ne6 13. Bh2 c5 14. dxc5 Nxc5 15. Nd4 Bd7 16. Rac1 Rc8 17. Qe2 a6 18.
Rfd1 Qb6 19. Bf5 Be6 20. a3 a5 21. Qb5 Qxb5 22. Ncxb5 Red8 23. Bc7 Re8 24. Bxa5 g6 25. Bxe6 fxe6 26. Bb4 Kf7 27. Nf3 Ncd7 28. Bxe7 Kxe7 29. b4 Ne4 30. Nbd4 Kf6 31. Nb3 Nb6 32. Nc5 Nxc5 33. Rxc5 Rxc5 34. bxc5 Nc4 35. Rb1 Re7 36. Rb3 Rc7 37. Nd4 e5 38. Nf3 Rxc5 39. Rxb7 Ra5 40.
Rc7 Rxa3 41. Rc6+ Kf7 42. Kh2 Ra2 43. Kg3 Rc2 44. Rc7+ Kf6 45. Rc6+ Kg7 46. Nxe5 Nxe3 47. fxe3 Rxc6 48. Nxc6 1-0

[Event "Early-Titled-Tuesday-Blitz-February-27-2024"]
[Site "Chess.com"]
[Date "2024.02.27"]
[Round "3"]
[White "Andreikka"]
[Black "wannabe2700"]
[Result "1-0"]
[WhiteElo "2952"]
[BlackElo "2719"]
[TimeControl "180+1"]
[EndTime "8:28:38 PST"]
[Termination "Andreikka won on time"]

1. e4 c5 2. Nf3 e6 3. d4 cxd4 4. Nxd4 Nf6 5. Nc3 Nc6 6. a3 d5 7.
Bb5 Bd7 8. exd5 exd5 9. O-O Be7 10.
Be2 O-O 11. Bf3 Be6 12. Re1 Qd7 13. Bf4 Rfe8 14. Qd3 Bc5 15. Nb3 Bb6 16. Rad1 Bf5 17. Qd2 d4 18. Na4 Ne4 19. Bxe4 Bxe4 20. Nxb6 axb6 21.
f3 Bg6 22. Rxe8+ Rxe8 23. Qf2 Qf5 24. Qd2 Qxc2 25. Nxd4 Nxd4 26. Qxd4 h6 27. h3 Re2 28. Rd2 Qb1+ 29. Kh2 Re1 30. Qxb6 Kh7 31. Kg3 Rf1 32.
Rf2 Qe1 33. Qe3 Qb1 34. Rxf1 Qxf1 35. Kh2 Qb1 36. Qd2 Qf5 37. Be3 Qb1 38. Bd4 Qf5 39. Bc3 Qb1 40. a4 Qf5 41. a5 f6 42. Qd6 Qb5 43. b4 Qd3 44. Qc5 Qa6 45. Qc7 Qb5 46.
Bxf6 Bf7 47. Qxf7 1-0

[Event "Early-Titled-Tuesday-Blitz-February-27-2024"]
[Site "Chess.com"]
[Date "2024.02.27"]
[Round "3"]
[White "Sammed_Shete"]
[Black "phantom19801127"]
[Result "0-1"]
[WhiteElo "2782"]
[BlackElo "2541"]
[TimeControl "180+1"]
[EndTime "8:28:38 PST"]
[Termination "phantom19801127 won by checkmate"]

1. e4 c5 2. Nf3 d6 3. d4 cxd4 4.
Nxd4 Nf6 5. Nc3 a6 6. Bd3 e5 7.
Nde2 Be6 8. O-O Nbd7 9. f4 Qc7 10. Kh1 Be7 11. b3 Nc5 12. f5 Bd7 13. Bg5 Bc6 14. Ng3 b5 15. Bxf6 Bxf6 16. Nh5 b4 17. Nd5 Bxd5 18.
exd5 Qe7 19. a3 bxa3 20. Rxa3 O-O 21. Be2 a5 22. Qd2 Bg5 23. Qc3 Ne4 24. Qd3 Nd2 25.
f6 gxf6 26. Rd1 e4 27. Qh3 e3 28. Ra4 Qe5 29. Bd3 Kh8 30. Nxf6 h6 31. Ng4 Qg7 32.
Nxe3 Rae8 33. Nf5 Qf6 34. Rg4 Re5 35. Ng3 Rfe8 36. Rg1 Re1 37. Ne2 R8xe2 38. Bxe2 Rxe2 39. Qd3 Qf2 40. Qc3+ Kh7 41. h4 Ne4 42. Qh3 Bf4 43. Qf3 Qxg1+ 44. Kxg1 Re1+ 45. Qf1 Be3+ 46. Kh2 Rxf1 47. Rxe4 Bf4+ 48. Kh3 f5 49. Ra4 Rh1# 0-1

[Event "Early-Titled-Tuesday-Blitz-February-27-2024"]
[Site "Chess.com"]
[Date "2024.02.27"]
[Round "3"]
[White "JERO-8914"]
[Black "vishwa_vijeta"]
[Result "1-0"]
[WhiteElo "2450"]
[BlackElo "2599"]
[TimeControl "180+1"]
[EndTime "8:28:39 PST"]
[Termination "JERO-8914 won on time"]

1. c4 c5 2. Nc3 g6 3. Nf3 Bg7 4.
e3 e5 5. d4 exd4 6. exd4 cxd4 7. Nxd4 Ne7 8. Be2 O-O 9. O-O Nbc6 10. Be3 d6 11. Bf3 Bd7 12. Ndb5 Nf5 13. Bf4 Be5 14. Bxe5 dxe5 15. Re1 Re8 16. Nd5 Rc8 17. Bg4 a6 18.
Nd6 Rf8 19. Bxf5 Bxf5 20. Nxf5 gxf5 21. Qh5 Nd4 22. Rxe5 Rxc4 23. Qh6 Rc6 24. Qe3 Nc2 25. Qg3+ Rg6 26. Ne7+ Kg7 27. Nxg6 hxg6 28. Rc1 Nd4 29.
h4 Qf6 30. Rce1 Rh8 31. Re7 Rxh4 32. Rxb7 Rg4 33. Qc3 f4 34. Ree7 Kh6 35. Rxf7 Ne2+ 36. Kf1 Qe6 37. Qh3+ Kg5 38. Qf3 Ng3+ 39. fxg3 Qc4+ 40. Qe2 Qc1+ 41. Kf2 fxg3+ 42. Kf3 Rf4+ 43. Kxg3 1-0

[Event "Early-Titled-Tuesday-Blitz-February-27-2024"]
[Site "Chess.com"]
[Date "2024.02.27"]
[Round "3"]
[White "ozates"]
[Black "vladoboch"]
[Result "1-0"]
[WhiteElo "2611"]
[BlackElo "2428"]
[TimeControl "180+1"]
[EndTime "8:28:39 PST"]
[Termination "ozates won on time"]

1. Nf3 d5 2. g3 Bg4 3. Bg2 c6 4. O-O Nf6 5. c4 e6 6. d3 Be7 7. Nbd2 Nbd7 8. b3 O-O 9. Bb2 a5 10. a3 Rc8 11. Qc2 b5 12. Rfe1 h6 13. e4 dxe4 14.
Nxe4 Nxe4 15. dxe4 Bxf3 16. Bxf3 e5 17. Rad1 Qc7 18.
Bg4 Rfd8 19. Rxd7 Rxd7 20. Bxd7 Qxd7 21. Bxe5 Bxa3 22. Rd1 Qe6 23. Ba1 Re8 24. cxb5 cxb5 25. Qc3 Bf8 26. Qxa5 Qxb3 27. Rc1 b4 28. Qd5 Qf3 29.
Re1 b3 30. Re3 Qg4 31. Qxb3 Rxe4 32. Rf3 Qh5 33. Kg2 Bc5 34. h3 Qg6 35. Qa2 Bd6 36. Qa8+ Kh7 37. Rxf7 Re2 38. Rxg7+ Qxg7 39. Bxg7 Kxg7 40.
Qd5 Be7 41. Kf3 Rb2 42. Qd4+ Bf6 43. Qd7+ Kg6 44. g4 Rb3+ 45. Kg2 Rc3 46. h4 Bxh4 47.
Qf5+ Kg7 48. Qd7+ Kg6 49. f4 Bf6 50. f5+ Kg5 51. Qd2+ Kxg4 52. Qxh6 Rc2+ 53. Kf1 Kxf5 54. Qh7+ Kf4 55. Qxc2 1-0

[Event "Early-Titled-Tuesday-Blitz-February-27-2024"]
[Site "Chess.com"]
[Date "2024.02.27"]
[Round "3"]
[White "Vaathi_Coming"]
[Black "FontVella8"]
[Result "0-1"]
[WhiteElo "2910"]
[BlackElo "2713"]
[TimeControl "180+1"]
[EndTime "8:28:41 PST"]
[Termination "FontVella8 won by checkmate"]

1. Nf3 Nf6 2. g3 e6 3. Bg2 Be7 4. O-O O-O 5. a4 d5 6. d4 a5 7.
c3 b6 8. Bf4 Ba6 9. Na3 c6 10.
Ne5 Nfd7 11. Nd3 Re8 12. Re1 Nf6 13. Ne5 Qc8 14. c4 Bb4 15. Bd2 Nbd7 16. Rc1 Bxa3 17.
bxa3 Nxe5 18. dxe5 Ne4 19. Be3 Nc5 20. cxd5 cxd5 21.
Qd2 Qc7 22. Bd4 Rec8 23. Qe3 Qe7 24. h4 Rc7 25. Rb1 Nxa4 26. Bxb6 Rc3 27. Qd2 Rac8 28. Bxa5 Rc2 29. Qb4 Qxb4 30. Bxb4 Bxe2 31. Bd6 h6 32. Rb7 Nc3 33. Bf1 Bxf1 34. Rxf1 Ne4 35. Bb4 Ra2 36. Rd7 Rcc2 37. Rd8+ Kh7 38. Be1 g5 39. h5 g4 40. Rd7 Kg7 41. Kg2 Ng5 42. Bb4 Nf3 43. Rd8 Nxe5 44. Bf8+ Kh7 45. Be7 Nd3 46. Bf6 Rxf2+ 47. Kg1 Rg2+ 48. Kh1 Rh2+ 49. Kg1 Rag2# 0-1

[Event "Early-Titled-Tuesday-Blitz-February-27-2024"]
[Site "Chess.com"]
[Date "2024.02.27"]
[Round "3"]
[White "quvnoq_muxlis"]
[Black "MatthewG-p4p"]
[Result "0-1"]
[WhiteElo "2677"]
[BlackElo "2898"]
[TimeControl "180+1"]
[EndTime "8:28:41 PST"]
[Termination "MatthewG-p4p won by resignation"]

1. e4 e6 2. b3 d5 3. Bb2 dxe4 4. Nc3 Nf6 5. Qe2 Be7 6. O-O-O O-O 7. Nxe4 a5 8. a4 c6 9. Qf3 Nbd7 10. d4 Nxe4 11.
Qxe4 Nf6 12. Qf3 Rb8 13. c4 b5 14. axb5 cxb5 15. c5 Bb7 16. Qh3 Ne4 17. Bd3 f5 18.
Qe3 Bg5 19. f4 Bf6 20. Nf3 Bd5 21. Bc2 b4 22. Rhe1 a4 23. bxa4 b3 24. Bxe4 fxe4 25.
Nd2 Qa5 26. Nxe4 Qxa4 27. Nc3 Qc4 28. Qe2 Rb4 29. Qxc4 Rxc4 30. Kb1 Bxg2 31. Ne4 Bh4 32. Re3 Rxf4 33. Nd2 Rb4 34. Rxe6 Bh3 35. Re3 Bf5+ 36. Kc1 Rf2 37. Rxb3 Rxd2 38. Rxd2 Rxb3 39. Rg2 Rf3 40. d5 Rf1+ 41. Kd2 g6 42. Re2 Rb1 43. Re8+ Kf7 44. Ra8 Rxb2+ 45. Kc3 Bf6+ 46. Kc4 Rc2+ 47. Kb5 Be4 48. d6 Bxa8 0-1

[Event "Early-Titled-Tuesday-Blitz-February-27-2024"]
[Site "Chess.com"]
[Date "2024.02.27"]
[Round "3"]
[White "MessiKingdom"]
[Black "GM_Levan_Pantsulaia"]
[Result "1-0"]
[WhiteElo "2627"]
[BlackElo "2937"]
[TimeControl "180+1"]
[EndTime "8:28:42 PST"]
[Termination "MessiKingdom won by checkmate"]

1. d4 c5 2. d5 g6 3. e4 Bg7 4.
Nc3 d6 5. Bb5+ Bd7 6. a4 Bxb5 7. axb5 Nf6 8. Nf3 O-O 9. O-O Nbd7 10. h3 Ne8 11.
Be3 Nc7 12. Qe2 Nb6 13. Nd2 Qd7 14. Ra5 f5 15. f3 fxe4 16. fxe4 Rxf1+ 17. Qxf1 a6 18.
bxa6 Rxa6 19. Rxa6 Nxa6 20. Nc4 Na4 21. Nxa4 Qxa4 22. b3 Qa2 23. Qe2 b5 24. Qg4 h5 25.
Qe6+ Kh7 26. Nd2 Qa1+ 27. Kh2 Be5+ 28. g3 Qe1 29. Qxe7+ Bg7 30. Bg5 Nb4 31. Qxd6 Qf2+ 32. Kh1 Nxc2 33. Qf4 Qe1+ 34. Kh2 Nd4 35. Kg2 c4 36.
bxc4 bxc4 37. Qf2 Qd1 38. Nxc4 Qb1 39. Nd6 Qb3 40. Ne8 Qd3 41. Nxg7 Qxe4+ 42. Kg1 Kxg7 43. Bf6+ Kg8 44. Bxd4 Qxd5 45. Qf6 Qe4 46. Qg7# 1-0

[Event "Early-Titled-Tuesday-Blitz-February-27-2024"]
[Site "Chess.com"]
[Date "2024.02.27"]
[Round "3"]
[White "jimmy-schlumpf"]
[Black "pfalcon1949"]
[Result "0-1"]
[WhiteElo "2297"]
[BlackElo "1886"]
[TimeControl "180+1"]
[EndTime "8:28:42 PST"]
[Termination "pfalcon1949 won on time"]

1. Nf3 d5 2. g3 e6 3. Bg2 Nf6 4. O-O Be7 5. d4 O-O 6. c4 dxc4 7. Ne5 Nc6 8. Bxc6 bxc6 9. Nxc6 Qe8 10. Qa4 Bb7 11. Nxe7+ Qxe7 12. Qxc4 Rac8 13. Bg5 c5 14. Nc3 cxd4 15. Qxd4 Rfd8 16. Bxf6 gxf6 17. Qg4+ Kh8 18.
Rfd1 f5 19. Qf4 Qf6 20. Rxd8+ Rxd8 21. Rd1 Kg7 22. Rxd8 Qxd8 23. f3 Qb6+ 24. Kf1 Qxb2 25. Qe3 Qb6 26. Kf2 Qxe3+ 27. Kxe3 Kf6 28. f4 a6 29. Kd4 Ke7 30. Kc5 Kd7 31. Kb6 Kc8 32. Na4 Bd5 33. a3 Bc4 34. e3 Kd7 35. Kc5 Be2 36.
Nc3 Bf1 37. a4 Kc7 38. a5 Bg2 39. Na4 Bf1 40. Nb6 Bb5 41. Kd4 Kc6 42. Nc8 Kd7 43.
Nb6+ Kc7 44. e4 fxe4 45. Kxe4 f6 46. g4 Kd6 47. h4 Bc6+ 48. Kd4 e5+ 49. fxe5+ fxe5+ 50. Ke3 Ke6 51. Nc4 Kd5 52. Nd2 Bb5 53. g5 Ke6 54.
Nf3 Kf5 55. Nd2 Kg6 0-1

[Event "Early-Titled-Tuesday-Blitz-February-27-2024"]
[Site "Chess.com"]
[Date "2024.02.27"]
[Round "3"]
[White "ChessLover0108"]
[Black "Semen16"]
[Result "1-0"]
[WhiteElo "2966"]
[BlackElo "2723"]
[TimeControl "180+1"]
[EndTime "8:28:43 PST"]
[Termination "ChessLover0108 won by resignation"]

1. Nf3 d5 2. d4 Nf6 3. c4 e6 4.
Nc3 Be7 5. Bf4 O-O 6. e3 Nbd7 7.
Rc1 c5 8. cxd5 Nxd5 9. Nxd5 exd5 10. dxc5 Nxc5 11. a3 Bf5 12. Be2 Rc8 13. O-O Bf6 14.
Be5 Bxe5 15. Nxe5 Qf6 16. b4 Qxe5 17. bxc5 Rc7 18. Qa4 Rfc8 19. Qxa7 Qb2 20. Bf3 b6 21.
Qa6 bxc5 22. Bxd5 h6 23. e4 Bd7 24. Rb1 Qd4 25. Rfd1 Qe5 26. Rb7 Bg4 27. f3 Bh5 28.
Rxc7 Qxc7 29. Qc4 Bg6 30. h3 Qa5 31. a4 Rb8 32. Rc1 Rb2 33. Qc3 Qb6 34. Qxc5 Qf6 35. Qc3 Qb6+ 36. Qc5 Qf6 37. Qe3 Qa6 38. Re1 Qxa4 39.
Kh2 Qa7 40. Qxa7 Rb5 41. Qe3 Rb4 42. Re2 Rb8 43. Qf2 Re8 44. Rd2 Kh7 45. Bb3 f5 46. Bc2 fxe4 47. Bxe4 Bxe4 48. fxe4 Re5 49. Re2 Ra5 50. e5 Rb5 51. e6 Rb8 52. e7 Rf8 53. exf8=Q 1-0

[Event "Early-Titled-Tuesday-Blitz-February-27-2024"]
[Site "Chess.com"]
[Date "2024.02.27"]
[Round "3"]
[White "nihalsarin"]
[Black "MightyGMpretender"]
[Result "0-1"]
[WhiteElo "3188"]
[BlackElo "2787"]
[TimeControl "180+1"]
[EndTime "8:28:44 PST"]
[Termination "MightyGMpretender won by resignation"]

1. e4 c5 2. Nc3 Nc6 3. Nf3 d6 4. Bb5 e5 5. d3 Ne7 6. Bc4 Na5 7. h4 a6 8. a4 Nxc4 9. dxc4 Bg4 10. Qd3 Nc6 11. Nd5 Nb4 12. Nxb4 cxb4 13. h5 Be7 14. h6 g6 15. Be3 O-O 16. a5 Rc8 17. Bb6 Qd7 18.
O-O-O Qa4 19. Kb1 Qc6 20. b3 f5 21. exf5 Bxf3 22. gxf3 Rxf5 23. Rhg1 Rcf8 24. f4 exf4 25. Rde1 Qd7 26. Bd4 Bf6 27. Bxf6 R5xf6 28. Qd4 R6f7 29. Re4 Qf5 30. Rge1 Qg5 31. Rh1 f3 32. Qxd6 Qxa5 33. Re7 Qd8 34. Qxd8 Rxd8 35. Rhe1 Rxe7 36. Rxe7 Rd2 37.
Rg7+ Kf8 38. Rxh7 Rxf2 39. Rxb7 Rh2 40. Rb8+ Kf7 41. Rb7+ Kf6 42. Rb8 Kg5 43. Rf8 Kg4 44.
c5 Rxh6 45. c3 bxc3 46. Kc2 g5 47. Kxc3 Kg3 48. Kc4 f2 49. Kd5 g4 50. c6 Rh7 51.
Rg8 f1=Q 0-1

[Event "Early-Titled-Tuesday-Blitz-February-27-2024"]
[Site "Chess.com"]
[Date "2024.02.27"]
[Round "3"]
[White "GlavkonVVS"]
[Black "ChessboArt"]
[Result "1-0"]
[WhiteElo "2558"]
[BlackElo "2260"]
[TimeControl "180+1"]
[EndTime "8:28:44 PST"]
[Termination "GlavkonVVS won on time"]

1. c4 e5 2. Nc3 Nc6 3. g3 g6 4.
Bg2 Bg7 5. d3 d6 6. Nf3 h6 7.
O-O Be6 8. Rb1 a5 9. a3 Qd7 10. h4 Bh3 11. b4 axb4 12. axb4 Bxg2 13. Kxg2 Nf6 14. b5 Nd8 15. e4 Ne6 16. Nd5 Ng4 17. Bd2 O-O 18. h5 g5 19. Qe2 Ra2 20. Nc3 Ra3 21.
Ra1 Rfa8 22. Rxa3 Rxa3 23. Nd5 Nc5 24. Bb4 Ra4 25. Bxc5 dxc5 26. Rb1 Kh7 27. Nd2 Nf6 28. Nb3 b6 29. Nd2 g4 30. Nf1 Nxh5 31. Nfe3 Nf6 32.
Nxf6+ Bxf6 33. Nxg4 Bg7 34. Ne3 Ra3 35. Nd5 Qd6 36.
Rh1 c6 37. bxc6 Qxc6 38. Qh5 Qg6 39. Qf3 Rb3 40. Ne7 Qe6 41. Nf5 b5 42. cxb5 Rxb5 43. Qg4 Qg6 44. Qe2 Rb3 45. Rc1 Qe6 46. Rxc5 Ra3 47.
Qc2 Ra2 48. Qc4 Qg6 49. Rc6 Qg5 50. Qxf7 Qxf5 51. Qxf5+ 1-0

[Event "Early-Titled-Tuesday-Blitz-February-27-2024"]
[Site "Chess.com"]
[Date "2024.02.27"]
[Round "3"]
[White "lluiss"]
[Black "esrosenberg"]
[Result "0-1"]
[WhiteElo "2173"]
[BlackElo "2415"]
[TimeControl "180+1"]
[EndTime "8:28:44 PST"]
[Termination "esrosenberg won on time"]

1. Nf3 d5 2. d4 Bf5 3. c4 e6 4.
Qb3 Nc6 5. Bd2 Rb8 6. cxd5 exd5 7. Nc3 Nf6 8. Bg5 Na5 9. Qa4+ c6 10. Bxf6 gxf6 11.
e3 a6 12. Be2 Rg8 13. Nh4 Be6 14. Bd3 h5 15. Qd1 Bg4 16. Be2 Nc4 17. b3 Bb4 18.
Rc1 Qa5 19. bxc4 Bxc3+ 20. Kf1 dxc4 21. Bxg4 Rxg4 22. g3 b5 23. Qc2 b4 24. h3 Rxh4 25. gxh4 Qd5 26. Rg1 Ke7 27. Rd1 Qf3 28. Rg3 Qh1+ 29.
Ke2 Qd5 30. e4 Qe6 31. Re3 Rg8 32. d5 Qd6 33. dxc6 Qxc6 34. e5 fxe5 35. Qf5 f6 36. Qxh5 Qg2 37. Qf3 Qxf3+ 38. Kxf3 Ke6 39. Re4 Rc8 40.
h5 Bd4 41. h6 c3 42. Rc1 a5 43. h7 a4 44. Rh4 Rh8 45. Rh6 b3 46. axb3 axb3 47. Ra1 b2 48. Ra6+ Kd5 49. Rhxf6 b1=Q 50. Rfd6+ Kc4 51. Rac6+ Kd3 0-1

[Event "Early-Titled-Tuesday-Blitz-February-27-2024"]
[Site "Chess.com"]
[Date "2024.02.27"]
[Round "3"]
[White "claudyna16"]
[Black "HATilay"]
[Result "1-0"]
[WhiteElo "2472"]
[BlackElo "2623"]
[TimeControl "180+1"]
[EndTime "8:28:45 PST"]
[Termination "claudyna16 won by resignation"]

1. c4 e5 2. g3 c6 3. Bg2 d5 4.
cxd5 cxd5 5. Qb3 Nf6 6. Nc3 e4 7. d3 exd3 8. Nxd5 Nxd5 9. Bxd5 Bb4+ 10. Kf1 dxe2+ 11. Nxe2 O-O 12. Kg2 Na6 13. Rd1 Qf6 14. Be3 Bg4 15. f3 Be6 16. Nf4 Rae8 17. Nxe6 fxe6 18. Be4 Bc5 19. Bd2 Bd4 20. Qd3 Nc5 21. Qe2 Bxb2 22. Rab1 Bd4 23. Bb4 Nxe4 24. Qxe4 Bb6 25. Bxf8 Rxf8 26. Rd7 h6 27. Re1 Qc3 28. Re2 e5 29. Qxb7 Kh8 30. Rxg7 Qd3 31. Rxe5 Bd4 32. Rge7 Bxe5 33. Rxe5 Qc2+ 34. Kh3 Qg6 35. Qe7 h5 36. Qg5 Qxg5 37. Rxg5 Rxf3 38. Rxh5+ Kg7 39.
Ra5 Rf7 40. Kg4 Kg6 41. h4 Rc7 42. Ra6+ Kg7 43. Kh5 Rc5+ 44. Kg4 Rc4+ 45. Kh3 Rc7 46. h5 Kh7 47. g4 Kg7 48. Kh4 Kh7 49. h6 Rb7 50.
Kh5 Kh8 51. g5 Rc7 52. Rd6 Rc5 53. Rd8+ Kh7 54. Rd7+ Kh8 55. Rxa7 Rc2 56. a4 Rh2+ 57. Kg6 1-0

[Event "Early-Titled-Tuesday-Blitz-February-27-2024"]
[Site "Chess.com"]
[Date "2024.02.27"]
[Round "3"]
[White "Nuvas"]
[Black "TheAlienParty"]
[Result "1-0"]
[WhiteElo "2764"]
[BlackElo "2424"]
[TimeControl "180+1"]
[EndTime "8:28:45 PST"]
[Termination "Nuvas won on time"]

1. d4 Nf6 2. c4 e6 3. Nc3 Bb4 4. Qc2 d5 5. a3 Bxc3+ 6. Qxc3 a5 7. Bf4 c6 8. e3 O-O 9. Nf3 Ne4 10. Qc2 b6 11.
Bd3 Ba6 12. O-O Nf6 13. Ne5 dxc4 14. Bxc4 Bxc4 15. Qxc4 Qd5 16. Rac1 b5 17. Qxd5 cxd5 18. Rc7 Na6 19. Rc6 a4 20. Rfc1 b4 21. Nd3 bxa3 22. bxa3 Ne4 23. R1c2 Nb8 24. Rc8 Nd7 25. Rxf8+ Kxf8 26. f3 g5 27. fxe4 gxf4 28. exd5 fxe3 29. dxe6 fxe6 30. Re2 Nb6 31. Rxe3 Nc4 32. Rf3+ Kg7 33.
Nc5 e5 34. Rc3 Nxa3 35. Rxa3 exd4 36. Ne6+ Kf6 37. Nxd4 Ke5 38. Nb5 Rb8 39. Nc3 Rb3 40. Rxa4 Rxc3 41. Ra7 Rc1+ 42. Kf2 Rc2+ 43. Kg3 Rc3+ 44.
Kh4 Rc2 45. Kh3 Rc3+ 46. g3 h6 47. Ra6 h5 48. Ra5+ Kf6 49. Rxh5 Kg6 50. Rb5 Rc2 51.
Rb3 Ra2 52. g4 Kg5 53. Kg3 Ra1 54. h4+ Kh6 55. Rb6+ Kh7 56. h5 Rg1+ 57. Kh4 Ra1 58. Rb7+ Kh8 59. h6 Rh1+ 60. Kg5 Ra1 61. Kh5 Rh1+ 62.
Kg6 1-0

[Event "Early-Titled-Tuesday-Blitz-February-27-2024"]
[Site "Chess.com"]
[Date "2024.02.27"]
[Round "3"]
[White "Defenstrator"]
[Black "PolandHussars"]
[Result "1-0"]
[WhiteElo "2416"]
[BlackElo "2581"]
[TimeControl "180+1"]
[EndTime "8:28:46 PST"]
[Termination "Defenstrator won by checkmate"]

1. Nc3 Nf6 2. g4 e6 3. g5 Nd5 4. Nxd5 exd5 5. d4 d6 6. Qd3 c6 7.
Nf3 Be6 8. h4 Nd7 9. h5 Qb6 10.
a4 O-O-O 11. a5 Qc7 12. a6 b5 13. b3 Be7 14. e3 g6 15. Bd2 Bf5 16. Qc3 Rhe8 17.
Qb2 Be4 18. Rh3 Bf5 19. Rg3 Nb6 20. Ba5 Kd7 21. c4 bxc4 22. bxc4 dxc4 23. Qa2 d5 24.
Ne5+ Ke6 25. e4 Bxe4 26. Bh3+ Bf5 27. Bxf5+ gxf5 28. Qc2 Bd6 29. Rf3 Bxe5 30. Qxf5+ Ke7 31.
Bb4+ Rd6 32. Qxe5+ Kd7 33. Rxf7+ Kc8 34. Qxe8+ Qd8 35. Qe5 Rd7 36. Rf8 c3 37. Rxd8+ Rxd8 38. Qe6+ Kc7 39. Kf1 c2 40. Rc1 c5 41. Rxc2 c4 42.
Ba5 Rd6 43. Qe7+ Kc6 44. Bxb6 axb6 45. a7 Rd7 46. Qxd7+ Kxd7 47. a8=Q h6 48. Qxd5+ Kc7 49. gxh6 b5 50. h7 Kb6 51. h8=Q Ka5 52. Ra2+ Kb4 53. Qf8+ Kb3 54. Qa3# 1-0